 Dungeon Crawl Stone Soup version 0.18.1-48-g4cf74bf (webtiles) character file.

296 Heedrag the Magician (level 6, -1/32 HPs)
             Began as a Deep Elf Conjurer on July 29, 2016.
             Slain by a centaur zombie (3 damage)
             ... in an ossuary.
             The game lasted 00:08:32 (3578 turns).

Heedrag the Magician (Deep Elf Conjurer)            Turns: 3578, Time: 00:08:33

Health: -1/32      AC:  5    Str:  7    XL:     6   Next: 12%
Magic:  1/27       EV: 13    Int: 20    God:
Gold:   171        SH:  0    Dex: 15    Spells: 4 memorised, 6 levels left

rFire  . . .     SeeInvis .     g - +0 dagger
rCold  + . .     Gourm    .     a - +0 robe
rNeg   . . .     Faith    .     (no shield)
rPois  .         Spirit   .     r - +0 helmet
rElec  .         Dismiss  .     p - +0 cloak
rCorr  .         Reflect  .     y - +0 pair of gloves
SustAt .         Harm     .     (no boots)
MR     .....                    (no amulet)
Stlth  ++........               s - ring of protection from cold
                                l - ring of magical power

@: very slightly contaminated, not resistant to hostile enchantments, unstealthy
A: no striking features
a: no special abilities


You were in an ossuary.
You were very hungry.

You visited 1 branch of the dungeon, and saw 4 of its levels.
You also visited: Ossuary.

You collected 171 gold pieces.

Inventory:

Hand Weapons
 g - a +0 dagger (weapon)
Armour
 a - a +0 robe (worn)
 p - a +0 cloak (worn)
 r - a +0 helmet (worn)
 y - a +0 pair of gloves (worn)
Jewellery
 l - a ring of magical power (left hand)
 s - a ring of protection from cold (right hand)
Scrolls
 d - 2 scrolls of enchant armour {unknown}
 e - 2 scrolls of random uselessness {unknown}
 h - a scroll of amnesia {unknown}
 k - 5 scrolls of identify {unknown}
 m - 2 scrolls of remove curse {unknown}
 o - 8 scrolls of teleportation {unknown}
 u - 4 scrolls of noise {unknown}
 v - 3 scrolls of recharging {unknown}
 w - a scroll of fog {unknown}
Potions
 j - 2 potions of curing {unknown}
 q - 3 potions of agility {unknown}
 t - 2 potions of degeneration {unknown}
 x - a potion of lignification {unknown}
 A - a potion of magic {unknown}
 C - a potion of cancellation {unknown}
 D - 2 potions of berserk rage {unknown}
 E - a potion of cure mutation {unknown}
Books
 b - a book of Conjurations

   Spells                             Type                      Level
   a - Magic Dart                     Conjuration                  1
   b - Searing Ray                    Conjuration                  2
   c - Dazzling Spray                 Conjuration/Hexes            3
   d - Fulminant Prism                Conjuration/Hexes            4
   e - Iskenderun's Mystic Blast      Conjuration                  4
   f - Iskenderun's Battlesphere      Conjuration/Charms           5
Comestibles
 c - 4 bread rations
 f - a royal jelly
 i - a meat ration
 B - a fruit


   Skills:
 - Level 2.4 Dodging
 - Level 2.4 Stealth
 * Level 7.3 Spellcasting
 + Level 5.5 Conjurations
 + Level 2.2 Charms


You had 6 spell levels left.
You knew the following spells:

 Your Spells              Type           Power        Failure   Level  Hunger
a - Magic Dart            Conj           ####         1%          1    None
b - Dazzling Spray        Conj/Hex       ###...       10%         3    #......
c - Iskenderun's Mystic   Conj           ####....     12%         4    ###....
d - Iskenderun's Battles  Conj/Chrm      ###.....     58%         5    #####..


Dungeon Overview and Level Annotations

Branches:
Dungeon (4/15)
 Temple: D:4-7

Altars:
Ashenzari
Kikubaaqudgha
Makhleb
Yredelemnul


Message History

Ye be momn'tarily dazzled by a flash o' light!
Ye be feelin' very hungry.
Tha centaur zombie barely misses ye.
Tha centaur zombie closely misses ye.
Tha centaur zombie hits ye.
* * * LOW HITPOINT WARNIN'
* * * Castin': Iskenderun's Mestic Blast Confirm wit' . or Enter, or press ? or * ta list all spells.
Aimin': Iskenderun's Mestic Blast
Press: ? - help, Shift-Dir - straight line, f/p - centaur zombie
Aim: a centaur zombie Tha orb o' energy hits tha centaur zombie.
Tha centaur zombie completely misses ye. x2
Castin': Iskenderun's Mestic Blast Confirm wit' . or Enter, or press ? or * ta list all spells.
Ye dinnae haf enough magic ta cast tha spell.
Tha centaur zombie barely misses ye.
Tha centaur zombie hits ye.
* * * LOW HITPOINT WARNIN'
* * * Tha centaur zombie hits ye.
Ye die...

..#.####..####.#...#
..#............#...#
..#.####.......#...#
..#.#..#.......#Z..#
..#....#.......#Z..#
..######.∩.....#...#
..#........'####...#
..#.####...#...#ZZ.#
..# #...#...#@..#
..##############...#
...................#
........∩∩.........#
####################


You could see 2 hobgoblin zombies and 2 centaur zombies.

Vanquished Creatures
  An elf zombie (Ossuary)
  A human zombie (Ossuary)
  An orc wizard (D:3)
  2 mummies (Ossuary)
  4 adders
  An adder zombie (Ossuary)
  A worm (D:3)
  4 dart slugs
  4 giant geckos
  7 orcs
  11 bats
  3 giant cockroaches
  4 goblins
  4 hobgoblins
  5 jackals
  A giant gecko skeleton (D:4)
  4 giant newts
  5 goblin zombies (Ossuary)
  7 hobgoblin zombies (Ossuary)
  9 kobolds
  9 kobold zombies (Ossuary)
  9 orc zombies (Ossuary)
  7 rats
  A spectral orc (D:3)
105 creatures vanquished.

Notes
Turn   | Place    | Note
--------------------------------------------------------------
     0 | D:1      | Heedrag the Deep Elf Conjurer began the quest for the Orb.
     0 | D:1      | Reached XP level 1. HP: 10/10 MP: 6/6
   284 | D:1      | Reached XP level 2. HP: 15/15 MP: 8/8
   529 | D:1      | Reached skill level 4 in Spellcasting
   905 | D:2      | Reached XP level 3. HP: 19/19 MP: 11/11
   912 | D:2      | Learned a level 3 spell: Dazzling Spray
  1219 | D:2      | Reached skill level 5 in Spellcasting
  1415 | D:2      | Found an ancient bone altar of Kikubaaqudgha.
  1507 | D:3      | Reached XP level 4. HP: 24/24 MP: 13/13
  1892 | D:3      | Reached skill level 5 in Conjurations
  1949 | D:3      | Reached skill level 6 in Spellcasting
  2103 | D:3      | Learned a level 4 spell: Iskenderun's Mystic Blast
  2349 | D:3      | Reached XP level 5. HP: 28/28 MP: 15/15
  2362 | D:3      | Learned a level 5 spell: Iskenderun's Battlesphere
  2407 | D:3      | Found a basalt altar of Yredelemnul.
  2754 | D:4      | Found a shattered altar of Ashenzari.
  2754 | D:4      | Found a burning altar of Makhleb.
  2771 | D:4      | Noticed a phantom
  2882 | D:4      | Found a sand-covered staircase.
  2895 | Ossuary  | Entered an ossuary
  3125 | Ossuary  | Reached skill level 1 in Charms
  3331 | Ossuary  | Reached skill level 7 in Spellcasting
  3542 | Ossuary  | Reached XP level 6. HP: 29/32 MP: 16/18
  3575 | Ossuary  | HP: 1/32 [centaur zombie (2)]
  3578 | Ossuary  | Slain by a centaur zombie

Skill      XL: |  1  2  3  4  5 |
---------------+----------------+-----
Spellcasting   | 4 5 6 7 |  7.3
Conjurations   | 5 |  5.5
Charms         | 2 |  2.2
Dodging        | |  2.4
Stealth        | |  2.4

Action                   |  1- 3 |  4- 6 || total
-------------------------+-------+-------++-------
Melee: Dagger            |       |    28 ||    28
 Cast: Magic Dart        |    88 |   184 ||   272
       Dazzling Spray    |       |     4 ||     4
       Iskenderun's Myst |       |     4 ||     4
  Eat: Chunk             |     1 |     4 ||     5
       Beef jerky        |       |     1 ||     1
       Fruit             |       |     1 ||     1
Armor: Robe              |     2 |    15 ||    17
Dodge: Dodged            |    13 |    40 ||    53
